 Dungeon Crawl Stone Soup version 0.25.0-37-gb73750e0fb (webtiles) character file.

Game seed: 16444702506042147261

79 ANON1729 the Magician (level 4, 0/30 HPs)
             Began as a Mummy Summoner on July 8, 2020.
             Slain by an orc wizard
             ... wielding a +0 dagger
              (7 damage)
             ... on level 3 of the Dungeon.
             The game lasted 00:03:37 (1441 turns).

ANON1729 the Magician (Mummy Summoner)              Turns: 1441, Time: 00:03:37

Health: 0/30       AC:  3    Str: 11    XL:     4   Next: 17%
Magic:  7/9        EV: 12    Int: 15    God:
Gold:   113        SH:  0    Dex: 12    Spells: 9/10 levels left

rFire    x . .     SeeInvis .   l - +0 dagger (venom)
rCold    + . .     Gourm    .   (no shield)
rNeg     + + +     Faith    .   a - +0 robe
rPois    ∞         Spirit   .   (no helmet)
rElec    .         Reflect  .   i - +0 cloak
rCorr    .         Harm     .   (no gloves)
MR       .....                  (no boots)
Stlth    ++........             h - amulet of regeneration
HPRegen  0.50/turn              (no ring)
MPRegen  0.11/turn              (no ring)

@: no status effects
A: no food or potions, fire vulnerability, cold resistance 1, negative energy
resistance 3, torment resistance, unbreathing
a: no special abilities


You were on level 3 of the Dungeon.
You were not hungry.

You visited 1 branch of the dungeon, and saw 3 of its levels.

You collected 113 gold pieces.

Inventory:

Hand Weapons
 c - a +0 mace
 l - a +0 dagger of venom (weapon)
Armour
 a - a +0 robe (worn)
 i - a +0 cloak (worn)
Jewellery
 h - an amulet of regeneration (around neck)
Scrolls
 b - 4 scrolls of teleportation {unknown}
 d - 2 scrolls of remove curse {unknown}
 e - 2 scrolls of enchant weapon {unknown}
 f - 2 scrolls of blinking {unknown}
 g - a scroll of fog {unknown}
 j - a scroll of enchant armour {unknown}
 k - 4 scrolls of identify {unknown}
 m - a scroll of fear {unknown}


   Skills:
 + Level 2.2 Dodging
 + Level 2.4 Stealth
 + Level 3.7 Spellcasting
 + Level 3.6 Summonings


You had 9 spell levels left.
You knew the following spells:

 Your Spells              Type           Power        Failure   Level  Hunger
a - Summon Small Mammal   Summ           ##..         4%          1    N/A

Your spell library contained the following spells:

 Spells                   Type           Power        Failure   Level  Hunger
 Call Imp                 Summ           ##......     6%          2    N/A
 Call Canine Familiar     Summ           ##......     12%         3    N/A
 Summon Guardian Golem    Hex/Summ       #.......     26%         3    N/A
 Summon Ice Beast         Ice/Summ       #.......     65%         4    N/A
 Summon Lightning Spire   Summ/Air       #.......     65%         4    N/A

Dungeon Overview and Level Annotations

Branches:
Dungeon (3/15)

Altars:
The Shining One


Innate Abilities, Weirdness & Mutations

You do not eat or drink.
Your flesh is vulnerable to fire.
You are immune to poison.
Your flesh is cold resistant. (rC+)
You are immune to negative energy. (rN+++)
You are immune to unholy pain and torment.
You can survive without breathing.


Message History

The orc priest is lightly wounded.
The orc priest hits you with a +0 flail!
Unknown command.
You hit the orc priest.
The orc priest looks as sick as possible!
The orc priest is heavily wounded.
The orc priest barely misses you.
You kill the orc priest!
You have reached level 4!
The orc wizard gestures at you while chanting.
The magic dart hits you. The orc wizard casts a spell at you.
The magic dart hits you.
* * * LOW HITPOINT WARNING * * *
There is a stone staircase leading up here.
Unknown command.
The orc wizard hits you with a +0 dagger.
* * * LOW HITPOINT WARNING * * *
The orc wizard hits you with a +0 dagger!
You die...

....... ....!..
.......
##########......
#.............
#........).# ##
#.......r..#....
#.....oo.....##
#.....@o.........
#..........#####$
#.............<
###########....
..... ..... ....


You could see 2 orc wizards, an orc and a rat.

Vanquished Creatures
  An orc priest (D:3)
  2 oozes
  3 worms (D:2)
  2 dart slugs (D:1)
  2 goblins
  2 hobgoblins (D:2)
  3 kobolds (D:2)
  3 bats
  3 frilled lizards
  4 rats
25 creatures vanquished.

Vanquished Creatures (collateral kills)
  An adder (D:2)
  A bat (D:2)
  A goblin (D:1)
  A hobgoblin (D:1)
4 creatures vanquished.

Grand Total: 29 creatures vanquished

Notes
Turn   | Place    | Note
-------+----------+-------------------------------------------
     0 | D:1      | ANON1729 the Mummy Summoner began the quest for the Orb.
     0 | D:1      | Reached XP level 1. HP: 13/13 MP: 4/4
   354 | D:1      | Found a glowing golden altar of the Shining One.
   430 | D:1      | Reached XP level 2. HP: 19/19 MP: 6/6
  1022 | D:2      | Reached XP level 3. HP: 24/24 MP: 7/7
  1438 | D:3      | Reached XP level 4. HP: 19/30 MP: 7/9
  1441 | D:3      | Slain by an orc wizard

Illustrated notes

Levels and vault maps discovered:
D:1:      minmay_arrival_stone_box, layout_loops_ring, serial_rivers,
          chequers_serial_rivers_room_b, chequers_serial_rivers_micro_a,
          chequers_serial_rivers_micro_d, chequers_serial_rivers_room_b,
          chequers_serial_rivers_micro_e, chequers_serial_rivers_micro_b,
          minmay_strange_pillars, chequers_serial_rivers_small_b, tso_altar
D:2:      layout_rooms, first_ration
D:3:      layout_rooms

Skill      XL: |  1  2  3 |
---------------+----------+-----
Spellcasting   | 3 |  3.7
Stealth        | 2 |  2.4
Dodging        | 2 |  2.2
Summonings     | |  3.6

Action                   |  1- 3 |  4- 6 || total
-------------------------+-------+-------++-------
Melee: Unarmed           |     8 |       ||     8
       Mace              |    56 |       ||    56
       Dagger            |    40 |       ||    40
 Cast: Summon Small Mamm |    15 |       ||    15
 Stab: Distracted        |     1 |       ||     1
       Sleeping          |     1 |       ||     1
Armor: Robe              |    20 |       ||    20
Dodge: Dodged            |    93 |       ||    93
